 Dungeon Crawl Stone Soup version 0.30.0-29-ga12c61a403 (webtiles) character file.

Game seed: 7721594630503925628

122 Chilbo the Poker (level 5, -5/38 (43) HPs)
             Began as a Gnoll Reaver on June 13, 2023.
             Slain by Natasha (7 damage)
             ... on level 2 of the Dungeon.
             The game lasted 00:14:46 (1619 turns).

Chilbo the Poker (Gnoll Reaver)                     Turns: 1619, Time: 00:14:46

HP:   -5/38 (43)    AC:  4    Str: 11    XL:     5   Next: 6%
MP:   12/12         EV: 12    Int: 14    God:
Gold: 68            SH:  0    Dex: 11    Spells: 13/14 levels left

rFire   . . .        a - +0 spear
rCold   . . .        (no shield)
rNeg    . . .        b - +0 leather armour
rPois   .            k - +0 helmet
rElec   .            (no cloak)
rCorr   .            (no gloves)
SInv    .            (no boots)
Will    .....        c - amulet of the acrobat
Stlth   +            (no ring)
HPRegen 0.26/turn    (no ring)
MPRegen 0.13/turn

%: acrobat
@: heavily drained
A: fangs 1, strong nose, distributed training
a: no special abilities


You were on level 2 of the Dungeon.
You visited 1 branch of the dungeon, and saw 2 of its levels.

You collected 68 gold pieces.

Inventory:

Hand Weapons
 a - a +0 spear (weapon)
Armour
 b - a +0 leather armour (worn)
 k - a +0 helmet (worn)
Magical Staves
 h - a staff of conjuration
Jewellery
 c - an amulet of the acrobat (around neck)
Scrolls
 f - a scroll of enchant armour {unknown}
 g - a scroll of teleportation {unknown}
 i - a scroll of brand weapon {unknown}
 l - a scroll of poison {unknown}
 m - a scroll of immolation {unknown}
 n - a scroll of enchant weapon {unknown}
 o - a scroll of noise {unknown}
Potions
 e - a potion of curing
 j - a potion of flight {unknown}


   Skills:
 + Level 4.7 Fighting
 + Level 1.4 Short Blades
 + Level 1.4 Long Blades
 + Level 1.4 Axes
 + Level 1.4 Maces & Flails
 + Level 6.6 Polearms
 + Level 1.4 Staves
 + Level 1.4 Ranged Weapons
 + Level 1.4 Throwing
 + Level 1.4 Armour
 + Level 4.7 Dodging
 + Level 1.4 Stealth
 + Level 1.4 Shields
 + Level 1.4 Unarmed Combat
 + Level 5.1 Spellcasting
 + Level 5.5 Conjurations
 + Level 1.1 Hexes
 + Level 1.1 Summonings
 + Level 1.1 Necromancy
 + Level 1.1 Translocations
 + Level 1.1 Transmutations
 + Level 1.1 Fire Magic
 + Level 1.1 Ice Magic
 + Level 1.1 Air Magic
 + Level 1.1 Earth Magic
 + Level 1.1 Poison Magic
 + Level 1.5 Invocations
 + Level 1.4 Evocations


You had 13 spell levels left.
You knew the following spells:

 Your Spells              Type           Power      Damage    Failure   Level
a - Kiss of Death         Conj/Necr      48%        2d9       6%          1

Your spell library contained the following spells:

 Spells                   Type           Power      Damage    Failure   Level
 Momentum Strike          Conj/Tloc      24%        3d8       9%          2
 Hailstorm                Conj/Ice       12%        3d5       17%         3


Dungeon Overview and Level Annotations

Branches:
Dungeon (2/15)

Altars:

Annotations:
D:2 Natasha


Innate Abilities, Weirdness & Mutations

You have very sharp teeth.
Your uncanny sense of smell can sniff out nearby items.
Your experience applies equally to all skills.


Message History

Natasha mumbles some strange words.
The cerulean imp barely misses you.
You closely miss Natasha. Your punch misses Natasha.
Natasha is almost dead.
Natasha claws you but does no damage.
You barely miss Natasha. Your bite misses Natasha.
Natasha is almost dead.
The cerulean imp closely misses you.
Natasha drinks a potion.
Natasha is healed!
You hit Natasha.
Natasha is heavily wounded.
The cerulean imp hits you but does no damage.
The cerulean imp hits you with a +0 spear.
You hit Natasha but do no damage.
Natasha is heavily wounded.
Natasha claws you.
* * * LOW HITPOINT WARNING * * *
The cerulean imp barely misses you.
The cerulean imp hits you with a +0 spear.
* * * LOW HITPOINT WARNING * * *
The cerulean imp attacks as you move away!
The cerulean imp hits you but does no damage.
The cerulean imp barely misses you. The cerulean imp closely misses you.
Natasha misses you.
You hit Natasha but do no damage.
Natasha is heavily wounded.
You closely miss Natasha.
Natasha is heavily wounded.
The cerulean imp hits you from afar with a +2 spear.
* * * LOW HITPOINT WARNING * * *
Natasha completely misses you.
You hit Natasha but do no damage.
Natasha is heavily wounded.
The cerulean imp hits you from afar with a +2 spear.
* * * LOW HITPOINT WARNING * * *
Natasha claws you.
* * * LOW HITPOINT WARNING * * *
It was a potion of cancellation.
You feel magically purged. The cerulean imp barely misses you.
Natasha claws you!
You die...

##.###.#.##.# #.##
##.#..#.##.# #.##
##.#......# #.## #
####...### #.## #. #...#
#.## #.### #...# #...
...######...######.##
#.##.......)...##>##
#.h@................
#.##.###5##>..........##.##
#......5.#####....#.####.##
#.......## #....#.# #...
#.##.##.# #>...#.####.## #
#.# #....#.#.....# #.#
#......#.###.# #.#
###......# #.# ..#
######.###.#


You could see Natasha and 2 cerulean imps.

Vanquished Creatures
  Natasha (D:2)
  Robin (D:2)
  3 adders (D:2)
  A worm (D:2)
  2 dart slugs
  An orc (D:2)
  4 endoplasms
  14 goblins
  4 hobgoblins
  6 jackals
  7 kobolds
  A ball python (D:1)
  3 bats
  2 rats
50 creatures vanquished.

Notes
Turn   | Place    | Note
-------+----------+-------------------------------------------
     0 | D:1      | Chilbo the Gnoll Reaver began the quest for the Orb.
     0 | D:1      | Reached XP level 1. HP: 20/20 MP: 6/6
   155 | D:1      | Reached XP level 2. HP: 22/26 MP: 7/7
   841 | D:2      | Noticed Robin
   845 | D:1      | Reached skill level 5 in Spellcasting
   845 | D:1      | Reached XP level 3. HP: 31/31 MP: 7/9
   971 | D:2      | Killed Robin
   972 | D:2      | Reached skill level 1 in Invocations
   974 | D:2      | Reached skill level 1 in Short Blades
   974 | D:2      | Reached skill level 1 in Long Blades
   974 | D:2      | Reached skill level 1 in Axes
   974 | D:2      | Reached skill level 1 in Maces & Flails
   974 | D:2      | Reached skill level 1 in Staves
   974 | D:2      | Reached skill level 1 in Ranged Weapons
   974 | D:2      | Reached skill level 1 in Throwing
   974 | D:2      | Reached skill level 1 in Armour
   974 | D:2      | Reached skill level 1 in Stealth
   974 | D:2      | Reached skill level 1 in Shields
   974 | D:2      | Reached skill level 1 in Unarmed Combat
   974 | D:2      | Reached skill level 1 in Evocations
  1002 | D:2      | Noticed Natasha
  1010 | D:2      | Killed Natasha
  1011 | D:2      | Reached XP level 4. HP: 38/38 MP: 11/11
  1177 | D:2      | Reached skill level 1 in Hexes
  1177 | D:2      | Reached skill level 1 in Summonings
  1177 | D:2      | Reached skill level 1 in Necromancy
  1177 | D:2      | Reached skill level 1 in Translocations
  1177 | D:2      | Reached skill level 1 in Transmutations
  1177 | D:2      | Reached skill level 1 in Fire Magic
  1177 | D:2      | Reached skill level 1 in Ice Magic
  1177 | D:2      | Reached skill level 1 in Air Magic
  1177 | D:2      | Reached skill level 1 in Earth Magic
  1177 | D:2      | Reached skill level 1 in Poison Magic
  1546 | D:2      | Reached XP level 5. HP: 34/38 MP: 12/12
  1593 | D:2      | Noticed Natasha
  1619 | D:2      | Slain by Natasha

Illustrated notes

Levels and vault maps discovered:
D:1:      dreamdust_arrival_sigmund_warning, layout_loops_ring,
          kennysheep_doodads
D:2:      layout_loops_cross, uniq_natasha, uniq_robin

Skill      XL: |  1  2  3  4 |
---------------+-------------+-----
Spellcasting   | 5 |  5.1
Invocations    | 1 |  1.5
Short Blades   | 1 |  1.4
Long Blades    | 1 |  1.4
Axes           | 1 |  1.4
Maces & Flails | 1 |  1.4
Staves         | 1 |  1.4
Ranged Weapons | 1 |  1.4
Throwing       | 1 |  1.4
Armour         | 1 |  1.4
Stealth        | 1 |  1.4
Shields        | 1 |  1.4
Unarmed Combat | 1 |  1.4
Evocations     | 1 |  1.4
Hexes          | 1 |  1.1
Summonings     | 1 |  1.1
Necromancy     | 1 |  1.1
Translocations | 1 |  1.1
Transmutations | 1 |  1.1
Fire Magic     | 1 |  1.1
Ice Magic      | 1 |  1.1
Air Magic      | 1 |  1.1
Earth Magic    | 1 |  1.1
Poison Magic   | 1 |  1.1
Fighting       | |  4.7
Polearms       | |  6.6
Dodging        | |  4.7
Conjurations   | |  5.5

Action                     |  1- 3 |  4- 6 || total
---------------------------+-------+-------++-------
  Melee: Spear             |   131 |   104 ||   235
         Bite              |     7 |    15 ||    22
         Punch             |     2 |     2 ||     4
   Cast: Kiss of Death     |       |     1 ||     1
    Use: Potion            |       |     1 ||     1
   Stab: Sleeping          |       |     1 ||     1
 Armour: Leather armour    |    14 |    21 ||    35
  Dodge: Dodged            |    53 |    46 ||    99
